 Dungeon Crawl Stone Soup version 0.29.1-15-g9cfb28693d (webtiles) character file.

Game seed: 3640160837476079076

589 LLlMATKO the Chopper (level 7, 0/93 HPs)
             Began as a Minotaur Berserker on Apr 24, 2023.
             Was a Believer of Trog.
             Shot with a sling bullet by an orc priest (2 damage)
             ... on level 5 of the Dungeon.
             The game lasted 00:03:23 (4317 turns).

LLlMATKO the Chopper (Minotaur Berserker)           Turns: 4317, Time: 00:03:23

Health: 0/93       AC:  8    Str: 23    XL:     7   Next: 15%
Magic:  6/6        EV: 12    Int:  4    God:    Trog [**....]
Gold:   161        SH:  0    Dex: 10    Spells: 6/6 levels left

rFire   . . .      SeeInvis .   r - +2 hand axe (vorpal)
rCold   . . .      Faith    .   (no shield)
rNeg    . . .      Spirit   .   a - +0 ring mail
rPois   .          Reflect  .   (helmet restricted)
rElec   .          Harm     .   g - +0 cloak
rCorr   .          Rampage  .   e - +0 pair of gloves
Will    .....                   (no boots)
Stlth   ..........              (no amulet)
HPRegen 0.25/turn               (no ring)
MPRegen 0.10/turn               (no ring)

@: berserking, very quick
A: horns 2, retaliatory headbutt
a: Renounce Religion, Berserk, Trog's Hand


You were on level 5 of the Dungeon.
You worshipped Trog.
Trog was pleased with you.
You visited 1 branch of the dungeon, and saw 5 of its levels.

You collected 161 gold pieces.

Inventory:

Hand Weapons
 r - a +2 vorpal hand axe (weapon)
 s - a +0 antimagic mace
Missiles
 h - 2 throwing nets (quivered)
Armour
 a - a +0 ring mail (worn)
 e - a +0 pair of gloves (worn)
 g - a +0 cloak (worn)
Jewellery
 l - a ring of positive energy
Wands
 p - a wand of polymorph (3)
Scrolls
 b - a scroll of amnesia {unknown}
 d - 2 scrolls of identify {unknown}
 f - a scroll of teleportation {unknown}
 i - a scroll of butterflies {unknown}
 o - a scroll of magic mapping {unknown}
 q - a scroll of summoning {unknown}
 t - 2 scrolls of enchant armour {unknown}
Potions
 c - 3 potions of lignification {unknown}
 j - 2 potions of attraction {unknown}
 k - a potion of brilliance {unknown}
 m - a potion of degeneration {unknown}
 n - 2 potions of curing {unknown}
 u - 2 potions of cancellation {unknown}
 v - a potion of heal wounds {unknown}
 w - a potion of might


   Skills:
 + Level 5.8 Fighting
 + Level 5.9 Axes
 + Level 5.1 Armour
 + Level 4.6 Dodging


You had 6 spell levels left.
You didn't know any spells.
Your spell library was empty.

Dungeon Overview and Level Annotations

Branches:
Dungeon (5/15)
 Temple: D:4-7

Altars:
Makhleb

Shops:
D:4 [


Innate Abilities, Weirdness & Mutations

You have a pair of horns on your head.
You reflexively headbutt those who attack you in melee.


Message History

The ogre hits you with a +0 giant club!!
* * * LOW HITPOINT WARNING * * *
The orc wizard hits you with a +0 dagger.
* * * LOW HITPOINT WARNING * * *
The orc wizard hits you but does no damage.
The orc priest shoots a sling bullet.
The sling bullet hits you but does no damage.
The orc wizard hits you but does no damage.
The orc wizard attacks as you move away!
The orc wizard closely misses you. The ogre attacks as you move away!
The ogre barely misses you.
You feel less confused.
The orc wizard mumbles some strange words.
The orc wizard flickers and vanishes!
Deactivating autopickup; reactivate with Ctrl-A.
A red film seems to cover your vision as you go berserk!
You feel yourself moving faster!
You feel mighty! The ogre hits you with a +0 giant club!
* * * LOW HITPOINT WARNING * * *
You hear some strange, mumbled words.
A puff of flame appears from out of thin air!
The puff of flame hits you.
* * * LOW HITPOINT WARNING * * *
The orc wizard hits you but does no damage.
The orc priest mumbles some strange prayers to Beogh against you.
Beogh smites you!
* * * LOW HITPOINT WARNING * * *
You slash the ogre!
The ogre is severely wounded.
You slash the orc wizard!
Unknown command.
You slice the ogre!!
You kill the ogre!
Trog accepts your kill.
You hit the orc wizard.
You kill the orc wizard!
Trog accepts your kill.
Trog appreciates your killing of a magic user.
The orc priest shoots a sling bullet.
The sling bullet hits you.
You die...

#..... ##.# .....#
##...### .....#
#....#.. .....#
....... .....#.
#.....##....... ##
#...#......... #..
#.)#)@....... #..##
#.o{)###.##. # ...#
##...##..# ##. ...
#..........
#..###.###........##
........##..........
#....##.............
#....#.##......##..
#....(.##.....## ...


You could see an orc priest.

Vanquished Creatures
  Eustachio (D:4)
  A black bear (D:4)
  An ogre (D:5)
  A scorpion (D:4)
  A hound (D:5)
  An orc priest (D:5)
  Jessica (D:2)
  3 orc wizards
  8 adders
  A worm (D:2)
  4 dart slugs
  12 orcs
  10 endoplasms
  4 giant cockroaches
  4 goblins
  7 hobgoblins
  3 jackals (D:1)
  3 quokkas
  5 ball pythons
  4 bats
  5 kobolds
  4 rats
84 creatures vanquished.

Notes
Turn   | Place    | Note
-------+----------+-------------------------------------------
     0 | D:1      | LLlMATKO the Minotaur Berserker began the quest for the
                  | Orb.
     0 | D:1      | Reached XP level 1. HP: 19/19 MP: 0/0
   370 | D:1      | Reached XP level 2. HP: 19/27 MP: 1/1
  1321 | D:2      | Reached XP level 3. HP: 19/33 MP: 2/2
  1456 | D:2      | Noticed Jessica
  1459 | D:2      | Killed Jessica
  1579 | D:2      | Found a faded altar of an unknown god.
  1592 | D:2      | Reached XP level 4. HP: 32/40 MP: 3/3
  1940 | D:2      | Found a burning altar of Makhleb.
  2695 | D:3      | Reached ** piety under Trog
  2812 | D:3      | Reached XP level 5. HP: 46/47 MP: 4/4
  2852 | D:3      | Identified the +1 leather armour of Spite {Fly rF+ Int+4
                  | SInv}
  3390 | D:4      | Reached skill level 5 in Fighting
  3391 | D:4      | Reached skill level 5 in Axes
  3429 | D:4      | Found Jetyb's Antique Armour Emporium.
  3444 | D:4      | Noticed a black bear
  3458 | D:4      | Killed a black bear
  3459 | D:4      | Reached XP level 6. HP: 30/56 MP: 5/5
  3968 | D:4      | Noticed Eustachio
  3984 | D:4      | Killed Eustachio
  3985 | D:4      | Reached skill level 5 in Armour
  3985 | D:4      | Reached XP level 7. HP: 49/62 MP: 6/6
  4276 | D:5      | Entered Level 5 of the Dungeon
  4315 | D:5      | HP: 1/93 [orc priest/divine providence (11)]
  4317 | D:5      | Shot with a sling bullet by an orc priest

Illustrated notes

Levels and vault maps discovered:
D:1:      lightli_arrival_flooded_house, layout_basic
D:2:      layout_basic, hellmonk_ecumenical_altar_leap_of_faith, basic_altar,
          uniq_jessica
D:3:      layout_basic
D:4:      layout_basic, serial_shops, shop, corexii_item_surrounded_by_moat,
          uniq_eustachio
D:5:      layout_cave_pools, serial_column_ruins, column_ruins_square_medium,
          column_ruins_grid_2, column_ruins_grid_4, column_ruins_open_tiny,
          uniq_crazy_yiuf_cottage

Skill      XL: |  1  2  3  4  5  6 |
---------------+-------------------+-----
Axes           | 4 5 |  5.9
Fighting       | 4 5 |  5.8
Armour         | 3 4 5 |  5.1
Dodging        | 3 4 |  4.6

Action                   |  1- 3 |  4- 6 |  7- 9 || total
-------------------------+-------+-------+-------++-------
Melee: Hand axe          |    64 |   110 |    11 ||   185
       Headbutt          |     9 |    16 |     2 ||    27
       War axe           |       |     1 |       ||     1
       Punch             |       |       |     1 ||     1
Invok: Berserk           |       |     2 |     1 ||     3
 Stab: Sleeping          |     1 |       |       ||     1
Armor: Animal skin       |    16 |    17 |       ||    33
       Ring mail         |       |    19 |     7 ||    26
Dodge: Dodged            |    43 |    65 |    11 ||   119
